 Dungeon Crawl Stone Soup version 0.23.2-33-g5129a83184 (webtiles) character file.

Game seed: 6784405738910734762

7106 Folque the Geomancer (level 10, -11/73 HPs)
             Began as a Yellow Draconian Earth Elementalist on July 5, 2019.
             Was an Elder of Sif Muna.
             Mangled by a two-headed ogre
             ... wielding a +0 giant club
              (24 damage)
             ... on level 8 of the Dungeon.
             The game lasted 00:29:02 (8982 turns).

Folque the Geomancer (DrEE)                         Turns: 8982, Time: 00:29:03

Health: -11/73     AC:  7    Str: 12    XL:     10   Next: 84%
Magic:  0/19       EV: 13    Int: 22    God:    Sif Muna [****..]
Gold:   609        SH:  0    Dex: 11    Spells: 4/22 levels left

rFire    . . .     SeeInvis .   w - +2 dagger (venom)
rCold    . . .     Gourm    .   (no shield)
rNeg     . . .     Faith    .   (armour unavailable)
rPois    .         Spirit   .   (helmet restricted)
rElec    .         Reflect  .   (no cloak)
rCorr    +         Harm     .   (no gloves)
MR       +....                  (no boots)
Stlth    +++.......             (no amulet)
HPRegen  0.22/turn              G - ring of protection from magic
MPRegen  0.16/turn              O - +4 ring of intelligence

@: no casting
A: spit acid, unfitting armour, cold-blooded, acid resistance, AC +7
a: Breathe Acid, Stop Divine Energy, Channel Magic, Forget Spell, Renounce
Religion


You were on level 8 of the Dungeon.
You worshipped Sif Muna.
Sif Muna was greatly pleased with you.
You were not hungry.

You visited 1 branch of the dungeon, and saw 9 of its levels.

You collected 609 gold pieces.

Inventory:

Hand Weapons
 f - a +0 dagger
 i - a +0 quarterstaff
 u - a +0 long sword
 w - a +2 dagger of venom (weapon)
 E - a +1 falchion of protection
 K - a +0 dagger of draining
Missiles
 b - 136 stones (quivered)
 B - 22 poisoned needles
Magical Staves
 A - an uncursed staff of cold
Jewellery
 j - the amulet of Uvocel {Gourm rF+, unknown}
   (You found it on level 6 of the Dungeon)

   [amulet of the gourmand]

   It allows you to eat raw meat even when not hungry.
   It protects you from fire.
 p - an uncursed amulet of magic regeneration
 F - a +3 amulet of reflection {unknown}
 G - a ring of protection from magic (left hand)
 J - an uncursed ring of see invisible {unknown}
 L - an uncursed amulet of faith {unknown}
 O - a +4 ring of intelligence (right hand)
Wands
 k - a wand of flame (11)
 t - a wand of scattershot (5)
 v - a wand of random effects (13)
 I - a wand of acid (14)
Scrolls
 d - 3 scrolls of identify
 e - 6 scrolls of remove curse
 h - 4 scrolls of amnesia
 n - 3 scrolls of enchant armour {unknown}
 o - 2 scrolls of enchant weapon {unknown}
 r - 5 scrolls of teleportation {unknown}
 x - 2 scrolls of fog {unknown}
 y - a scroll of blinking {unknown}
 z - 3 scrolls of random uselessness {unknown}
 C - a scroll of noise {unknown}
 H - a scroll of torment {unknown}
 M - a scroll of holy word {unknown}
Potions
 a - 4 potions of haste
 g - a potion of berserk rage {unknown}
 l - a potion of invisibility {unknown}
 m - 4 potions of curing
 q - 2 potions of brilliance
 s - 4 potions of might
 D - 3 potions of flight
 N - a potion of agility {unknown}
Comestibles
 c - 10 rations


   Skills:
 - Level 2.1 Fighting
 - Level 4.2 Dodging
 - Level 6.2 Stealth
 - Level 6.5 Spellcasting
 + Level 6.0 Conjurations
 - Level 5.0 Transmutations
 + Level 10.7 Earth Magic
 * Level 2.0 Invocations


You had 4 spell levels left.
You knew the following spells:

 Your Spells              Type           Power        Failure   Level  Hunger
a - Sandblast             Erth           ######       1%          1    None
b - Passwall              Tmut/Erth      #####...     1%          2    None
c - Stone Arrow           Conj/Erth      #####.       1%          3    #......
d - Lee's Rapid Deconstr  Erth           ######....   3%          5    #####..
e - Petrify               Tmut/Erth      #####...     3%          4    ###....
f - Conjure Flame         Conj/Fire      ###.....     8%          3    #......

Your spell library contained the following spells:

 Spells                   Type           Power        Failure   Level  Hunger
 Shock                    Conj/Air       ###.         2%          1    None
 Static Discharge         Conj/Air       ###.....     8%          3    #......
 Mephitic Cloud           Conj/Pois/Air  ###.....     12%         3    #......
 Poisonous Vapours        Pois/Air       #.....       13%         2    None
 Swiftness                Chrm/Air       #.......     13%         2    None
 Airstrike                Air            #.........   65%         4    ###....
 Lightning Bolt           Conj/Air       ###.......   56%         5    #####..
 Freezing Cloud           Conj/Ice/Air   ###.......   99%         6    ######.
 Ring of Flames           Chrm/Fire      #.........   100%        7    #######


Dungeon Overview and Level Annotations

Branches:
Dungeon (9/15)             Temple (0/1) D:7            Lair (0/6) D:8
    Orc (0/2) D:9

Altars:
Ashenzari
Sif Muna
Uskayaw
Wu Jian
Xom
Zin
The Shining One
Beogh

Annotations:
D:9 Gastronok


Innate Abilities, Weirdness & Mutations

You can spit globs of acid.
Your golden yellow scales are hard. (AC +7)
You cannot fit into any form of body armour.
You are cold-blooded and may be slowed by cold attacks.
You are resistant to acid. (rCorr)


Message History

The two-headed ogre resists with some effort.
Sif Muna grants you divine energy.
You briefly lose access to your magic!
The two-headed ogre hits you with a +0 giant club!
The two-headed ogre hits you with a +0 giant spiked club!
* * * LOW HITPOINT WARNING * * *
You are unable to access your magic!
Unknown command.
You regain access to your magic.
Casting: Petrify (safe; 3% risk of failure)
Confirm with . or Enter, or press ? or * to list all spells.
Aiming: Petrify (safe; 3% risk of failure)
Press: ? - help, Shift-Dir - straight line, f/p - two-headed ogre
Aim: a two-headed ogre, wielding a +0 giant club and a +0 giant spiked club (chance to defeat MR: 50%)
You miscast Petrify.
Sif Muna protects you from the effects of your miscast!
Sif Muna grants you divine energy.
You briefly lose access to your magic!
The two-headed ogre hits you with a +0 giant club!!
You die...

#.............(.........###.##
#..........##.[####...#.###...
#..........##..# #...#..>.##.
######.######..# #...####..##
##<## ##..# #...# ##..# #...#
#...# ##### #### #...# #...#
#.. #...# #.O.# #.# #...#
#.@.# #.# #...# #...# #.#
#...# #...# ##.. #...# #####
###≈≈≈ #...# #≈≈≈≈≈ #...#
####.. ##### ###


You could see a two-headed ogre.

Vanquished Creatures
  A two-headed ogre (D:8)
  Joseph (D:7)
  Maurice (D:9)
  3 hippogriffs
  Sigmund (D:3)
  A yak (D:7)
  Eustachio (D:5)
  2 basilisks (D:7)
  Grum (D:9)
  Duvessa (D:3)
  7 orc warriors
  3 ice beasts
  2 sky beasts
  2 ogres
  2 phantoms
  A centaur (D:7)
  2 wolves (D:9)
  A crocodile (D:8)
  3 big kobolds
  2 bullfrogs
  A gnoll sergeant (D:7)
  A water moccasin zombie (D:8)
  3 scorpions
  Dowan (D:4)
  4 killer bees (D:7)
  3 wights (D:8)
  A vampire bat (D:5)
  7 crimson imps
  2 bullfrog zombies
  5 jellies
  4 orc priests
  7 orc wizards
  3 bullfrog skeletons
  Jessica (D:3)
  2 centaur skeletons
  3 iguanas
  A worker ant (D:8)
  2 worker ant zombies
  Robin (D:2)
  3 adders
  5 gnolls
  A shadow imp (D:8)
  An ooze (D:3)
  An adder zombie (D:8)
  2 worms (D:2)
  A dart slug (D:2)
  3 fire bats (D:5)
  3 leopard geckos
  33 orcs
  2 spectral bats (D:5)
  3 bat skeletons (D:5)
  A bat zombie (D:5)
  4 giant cockroaches
  12 goblins
  3 hobgoblins
  10 jackals
  21 kobolds
  3 quokkas
  14 bats
  A bat simulacrum (D:5)
  2 frilled lizards
  2 quokka skeletons
  11 rats
232 creatures vanquished.

Vanquished Creatures (others)
  2 orcs (D:7)
2 creatures vanquished.

Grand Total: 234 creatures vanquished

Notes
Turn   | Place    | Note
-------+----------+-------------------------------------------
     0 | D:1      | Folque the Draconian Earth Elementalist began the quest for
                  | the Orb.
     0 | D:1      | Reached XP level 1. HP: 14/14 MP: 3/3
   172 | D:1      | Reached skill level 1 in Fighting
   219 | D:1      | Reached XP level 2. HP: 22/23 MP: 5/5
   228 | D:1      | Learned a level 2 spell: Passwall
   713 | D:2      | Reached XP level 3. HP: 21/29 MP: 0/6
   818 | D:1      | Learned a level 3 spell: Stone Arrow
   994 | D:2      | Reached skill level 1 in Conjurations
   994 | D:2      | Reached XP level 4. HP: 6/36 MP: 0/8
  1420 | D:3      | Noticed Robin
  1619 | D:2      | Killed Robin
  1679 | D:3      | Noticed Sigmund
  1688 | D:3      | Killed Sigmund
  1688 | D:3      | Reached skill level 4 in Earth Magic
  1688 | D:3      | Reached XP level 5. HP: 33/41 MP: 0/10
  1688 | D:3      | Reached XP level 6. HP: 39/48 MP: 0/11
  1695 | D:3      | Learned a level 5 spell: Lee's Rapid Deconstruction
  1771 | D:3      | Noticed Jessica
  1778 | D:3      | Killed Jessica
  1958 | D:3      | Found a shimmering altar of Xom.
  2500 | D:4      | Noticed Duvessa
  2500 | D:4      | Noticed Dowan
  2601 | D:4      | Killed Dowan
  2792 | D:3      | Killed Duvessa
  2792 | D:3      | Your scales start taking on a golden yellow colour.
  2792 | D:3      | Reached XP level 7. HP: 30/55 MP: 0/14
  2792 | D:3      | Gained mutation: You are resistant to acid. (rCorr) [Yellow
                  | Draconian growth]
  3075 | D:4      | Reached skill level 5 in Spellcasting
  3304 | D:4      | Reached skill level 5 in Earth Magic
  3449 | D:5      | Entered Level 5 of the Dungeon
  3449 | D:5      | Found a deep blue altar of Sif Muna.
  3677 | D:5      | Became a worshipper of Sif Muna the Loreminder
  3838 | D:5      | Reached XP level 8. HP: 61/61 MP: 10/16
  3933 | D:5      | Noticed Eustachio
  4003 | D:5      | Killed Eustachio
  4395 | D:5      | Reached skill level 5 in Conjurations
  4624 | D:6      | Reached skill level 6 in Earth Magic
  4802 | D:6      | Found a glowing golden altar of the Shining One.
  4881 | D:6      | Got a transparent crystal amulet
  5238 | D:6      | Learned a level 4 spell: Petrify
  5403 | D:6      | Reached * piety under Sif Muna
  5504 | D:7      | Noticed Joseph
  5533 | D:7      | Killed Joseph
  5533 | D:7      | Reached skill level 7 in Earth Magic
  5533 | D:7      | Reached XP level 9. HP: 34/67 MP: 1/18
  6034 | D:7      | Reached ** piety under Sif Muna
  6071 | D:7      | Reached skill level 5 in Transmutations
  6104 | D:7      | Found a glowing silver altar of Zin.
  6209 | D:7      | Reached skill level 8 in Earth Magic
  6340 | D:7      | Found a staircase to the Ecumenical Temple.
  6574 | D:8      | Reached skill level 5 in Stealth
  6589 | D:7      | Reached skill level 9 in Earth Magic
  6814 | D:8      | Found a staircase to the Lair.
  6944 | D:8      | Reached XP level 10. HP: 73/73 MP: 9/19
  6957 | D:8      | Learned a level 3 spell: Conjure Flame
  7029 | D:8      | Reached *** piety under Sif Muna
  7102 | D:8      | Found a hide-covered altar of Uskayaw.
  7105 | D:8      | Noticed a +0 dagger
  7106 | D:8      | Noticed a +0 dagger
  7237 | D:8      | Found a shattered altar of Ashenzari.
  7292 | D:8      | Noticed a two-headed ogre
  7351 | D:8      | Killed a two-headed ogre
  7351 | D:8      | Reached skill level 10 in Earth Magic
  8271 | D:9      | Noticed Grum
  8298 | D:9      | Killed Grum
  8510 | D:9      | Noticed Maurice
  8511 | D:9      | Found a staircase to the Orcish Mines.
  8524 | D:9      | Killed Maurice
  8576 | D:9      | Found a roughly hewn altar of Beogh.
  8725 | D:9      | Reached skill level 1 in Invocations
  8806 | D:9      | Found an ornate altar of the Wu Jian Council.
  8814 | D:9      | Noticed a two-headed ogre
  8817 | D:9      | Noticed Gastronok
  8837 | D:9      | Reached **** piety under Sif Muna
  8982 | D:8      | Mangled by a two-headed ogre

Skill      XL: |  1  2  3  4  5  6  7  8  9 10 |
---------------+-------------------------------+-----
Fighting       | 1 2 |  2.1
Conjurations   | 1 2 3 4 5 6 |  6.0
Spellcasting   | 3 4 5 6 |  6.5
Earth Magic    | 4 5 7 9 10 | 10.7
Stealth        | 3 5 6 |  6.2
Transmutations | 4 5 |  5.0
Dodging        | 4 |  4.2
Invocations    | 2 |  2.0

Action                   |  1- 3 |  4- 6 |  7- 9 | 10-12 || total
-------------------------+-------+-------+-------+-------++-------
Melee: Dagger            |    36 |       |    28 |    84 ||   148
       Unarmed           |     8 |       |       |       ||     8
       Tailslap          |     8 |     2 |    22 |    11 ||    43
       Quarterstaff      |    28 |    63 |    65 |       ||   156
       Falchion          |       |       |    92 |     4 ||    96
 Cast: Sandblast         |    13 |    25 |    76 |    21 ||   135
       Stone Arrow       |     1 |    14 |    53 |    21 ||    89
       Passwall          |       |     1 |       |       ||     1
       Lee's Rapid Decon |       |       |    17 |    20 ||    37
       Petrify           |       |       |     8 |    15 ||    23
Invok: Divine Energy     |       |       |     1 |       ||     1
 Abil: Breathe Acid      |       |       |     2 |       ||     2
  Use: Potion            |       |     1 |     2 |     2 ||     5
       Scroll            |       |       |     6 |     1 ||     7
 Stab: Sleeping          |     1 |     3 |     3 |     3 ||    10
       Petrified         |       |       |    25 |    16 ||    41
  Eat: Chunk             |       |     6 |    17 |     9 ||    32
       Ration            |       |       |     2 |     2 ||     4
Armor: Skin              |    17 |    38 |   110 |    32 ||   197
Dodge: Dodged            |    34 |    70 |   214 |    55 ||   373
       Rpst.: Falchion   |       |       |    37 |     1 ||    38
